 Dungeon Crawl Stone Soup version 0.31-a0-1499-ge0622b2318 (webtiles) character file.

Game seed: 17253279369010391904

299 Fodor the Covered (level 6, -1/53 HPs)
             Began as a Minotaur Fighter on Dec 29, 2023.
             Was an Initiate of Gozag.
             Slain by Menkaure (10 damage)
             ... on level 5 of the Dungeon.
             The game lasted 00:21:28 (4458 turns).

Fodor the Covered (Minotaur Fighter)                Turns: 4458, Time: 00:21:29

Health: -1/53      AC: 12    Str: 22    XL:     6   Next: 13%
Magic:  0/5        EV:  8    Int:  5    God:    Gozag
Gold:   352        SH:  4    Dex: 10    Spells: 5/5 levels left

rFire   . . .        B - +0 flail (heavy)
rCold   . . .        c - +0 buckler
rNeg    . . .        b - +0 chain mail
rPois   .            (helmet restricted)
rElec   .            j - scarf {harm}
rCorr   .            (no gloves)
SInv    .            y - +1 pair of boots
Will    .....        v - amulet of guardian spirit Stlth
                     A - ring of flight
HPRegen 0.28/turn    (no ring)
MPRegen 0.09/turn

%: harm (+30% outgoing, +20% incoming), guardian spirit
@: flying
A: horns 2, retaliatory headbutt
a: Renounce Religion, Potion Petition, Call Merchant, Bribe Branch


You were on level 5 of the Dungeon.
You worshipped Gozag.
Gozag was aware of your devotion.
You visited 1 branch of the dungeon, and saw 5 of its levels.

You collected 413 gold pieces.
You paid 61 gold pieces to Gozag.

Inventory:

Hand Weapons
 B - a +0 heavy flail (weapon)
Missiles
 k - 8 boomerangs (quivered)
Armour
 b - a +0 chain mail (worn)
 c - a +0 buckler (worn)
 j - a scarf of harm (worn)
 y - a +1 pair of boots (worn)
Jewellery
 v - an amulet of guardian spirit (around neck)
 A - a ring of flight (left hand)
Wands
 l - a wand of digging (5)
 w - a wand of polymorph (11)
Scrolls
 f - 3 scrolls of enchant armour {unknown}
 h - 5 scrolls of identify {unknown}
 i - a scroll of poison {unknown}
 n - a scroll of fear {unknown}
 o - a scroll of fog {unknown}
 p - 2 scrolls of blinking {unknown}
 r - a scroll of revelation {unknown}
 u - a scroll of enchant weapon {unknown}
 x - a scroll of amnesia {unknown}
 z - a scroll of teleportation {unknown}
Potions
 d - 2 potions of might
 e - 2 potions of ambrosia {unknown}
 g - a potion of lignification {unknown}
 m - 4 potions of curing {unknown}
 q - a potion of enlightenment {unknown}
 s - 2 potions of mutation {unknown}
 t - a potion of brilliance {unknown}


   Skills:
 + Level 4.4 Fighting
 + Level 5.2 Axes
 + Level 5.7 Armour
 + Level 0.7 Dodging
 + Level 0.1 Stealth
 + Level 4.3 Shields


You had 5 spell levels left.
You didn't know any spells.
Your spell library contained the following spells:

 Spells                   Type           Power      Damage    Failure   Level
 Alistair's Intoxication  Alch           0%         N/A       100%        5
 Borgnjor's Vile Clutch   Necr/Erth      0%         N/A       100%        5
 Eringya's Noxious Bog    Alch           0%         4d6       100%        6


Dungeon Overview and Level Annotations

Branches:
Dungeon (5/15)
 Temple: D:4-7

Altars:
Elyvilon
Gozag
Kikubaaqudgha
Nemelex Xobeh

Annotations:
D:5 Menkaure


Innate Abilities, Weirdness & Mutations

You have a pair of horns on your head.
You reflexively headbutt those who attack you in melee.


Message History

The orc is heavily wounded.
The orc closely misses you. You furiously retaliate!
You headbutt the orc.
You kill the orc!
You now have 344 gold pieces (gained 19).
You see here a +0 heavy flail.
Found a sapphire potion.
s - 2 sapphire potions (gained 1)
You see here a +0 heavy flail.
B - a +0 heavy flail You are now empty-handed.
You drop a +0 war axe.
B - a +0 heavy flail (weapon)
Found a stone staircase leading down.
Found 8 gold pieces.
You now have 352 gold pieces (gained 8).
Found an escape hatch in the floor.
There is an escape hatch in the floor here.
Found 7 stones.
Found a stone staircase leading down.
Found 10 gold pieces.
You see here 7 stones.
Menkaure, Prince of Dust comes into view.
Menkaure shouts!
Menkaure hits you!
There is a stone staircase leading down, spattered with blood here.
Menkaure hits you! Menkaure attacks as he pursues you! Menkaure hits you.
You see here 10 gold pieces.
You hit Menkaure.
Menkaure is lightly damaged.
Menkaure mumbles some strange words.
Menkaure seems to speed up.
You hit Menkaure.
Menkaure is lightly damaged.
Menkaure hits you. Menkaure hits you!
* * * LOW HITPOINT WARNING * * *
You hit Menkaure.
Menkaure is moderately damaged.
Menkaure hits you!
You die...
Your body crumbles into a pile of gold.

### ..#
#.# #.#
#.# #@#
#.#####M#
.......>#
#.#####.#
#.# #(#
#.# #.#
#.#


You could see Menkaure (fast).

Vanquished Creatures
  An ogre (D:4)
  A scorpion (D:4)
  A hound (D:5)
  An iguana (D:5)
  An adder (D:4)
  A ribbon worm (D:2)
  2 dart slugs
  2 orcs
  8 endoplasms
  6 giant cockroaches
  12 hobgoblins
  3 quokkas
  9 ball pythons
  3 bats (D:1)
  A frilled lizard (D:1)
  14 goblins
  7 kobolds
  2 rats
75 creatures vanquished.

Notes
Turn   | Place    | Note
-------+----------+-------------------------------------------
     0 | D:1      | Fodor the Minotaur Fighter began the quest for the Orb.
     0 | D:1      | Reached XP level 1. HP: 19/19 MP: 0/0
   275 | D:1      | Found a white marble altar of Elyvilon.
   297 | D:1      | Reached XP level 2. HP: 27/27 MP: 1/1
   997 | D:2      | Reached XP level 3. HP: 30/33 MP: 2/2
  1399 | D:2      | Reached XP level 4. HP: 40/40 MP: 3/3
  1450 | D:2      | Found a faded altar of an unknown god.
  1981 | D:3      | Found a sparkling altar of Nemelex Xobeh.
  2024 | D:3      | Found an ancient bone altar of Kikubaaqudgha.
  3118 | D:3      | Found an opulent altar of Gozag.
  3130 | D:3      | Became a worshipper of Gozag Ym Sagoz the Greedy
  3878 | D:4      | Noticed an ogre
  3883 | D:4      | Killed an ogre
  3884 | D:4      | Reached skill level 5 in Armour
  3884 | D:4      | Reached XP level 5. HP: 41/46 MP: 2/4
  4284 | D:5      | Entered Level 5 of the Dungeon
  4299 | D:5      | Reached skill level 5 in Axes
  4299 | D:5      | Reached XP level 6. HP: 53/53 MP: 5/5
  4452 | D:5      | Noticed Menkaure
  4458 | D:5      | Slain by Menkaure

Illustrated notes

Levels and vault maps discovered:
D:1:      dpeg_arrival_rooms_b, layout_basic, minivault_25, minmay_hexomino_r4
D:2:      cheibrodos_greedy_goblins, layout_basic,
          dilly_ecumenical_altar_fadedgnrine
D:3:      layout_basic, mainiacjoe_overflow_tiny_flanked,
          mainiacjoe_overflow_catch_the_wave, serial_co_window_serial,
          co_window_of_opportunity_a, co_window_paths_a, co_window_corner_a,
          co_window_of_opportunity_a, co_window_cross_1, co_window_corner_a,
          co_window_corner_a, co_window_2corner, co_window_broadway_b,
          co_window_corner_b, co_window_4corner_b, glass_columns_a
D:4:      layout_basic
D:5:      lemuel_ratsnest, layout_basic, uniq_menkaure, uniq_grinder

Skill      XL: |  1  2  3  4  5 |
---------------+----------------+-----
Armour         | 4 5 |  5.7
Shields        | 4 |  4.3
Axes           | 3 4 5 |  5.2
Fighting       | 4 |  4.4
Dodging        | |  0.7
Stealth        | |  0.1

Action                     |  1- 3 |  4- 6 || total
---------------------------+-------+-------++-------
  Melee: War axe           |    79 |    67 ||   146
         Headbutt          |     9 |    10 ||    19
         Flail             |       |     3 ||     3
 Armour: Scale mail        |    46 |       ||    46
         Chain mail        |    30 |    52 ||    82
  Dodge: Dodged            |    34 |    28 ||    62
  Block: Buckler           |    18 |     8 ||    26

Table legend: (Time is in decaauts)
 A = Elapsed time spent in this place.
 B = Non-inter-level travel time spent in this place.
 C = Inter-level travel time spent in this place.
 D = Time resting spent in this place.
 E = Time spent auto-exploring this place.
 F = Levels seen in this place.
 G = Mean time per level.
                   A        B        C        D        E       F      G
               +--------+--------+--------+--------+--------+-----+--------+
         Total |   4513 |   4047 |    466 |      0 |      0 |   5 |  902.6 |
       Dungeon |   4513 |   4047 |    466 |      0 |      0 |   5 |  902.6 |
               +--------+--------+--------+--------+--------+-----+--------+

Top non-repeatable levels by time:
     D:3: 1392 daAuts
     D:4: 1022 daAuts
     D:1: 984 daAuts
     D:2: 936 daAuts
     D:5: 178 daAuts
